 Dungeon Crawl Stone Soup version 0.31-a0-479-g91c9547826 (webtiles) character file.

Game seed: 10356944880898472360

672583 Morbidden the Wrestler (level 27, -6/351 HPs)
             Began as a Troll Shapeshifter on July 31, 2023.
             Was the Champion of Cheibriados.
             Mangled by an Orb Guardian (9 damage)
             ... on level 5 of the Realm of Zot on Aug 7, 2023.
             The game lasted 02:23:51 (54105 turns).

Morbidden the Wrestler (Troll Shapeshifter)        Turns: 54105, Time: 02:23:52

Health: -6/351     AC: 34    Str: 54 (55) XL:     27
Magic:  0/31       EV: 26    Int: 14 (18) God:    Cheibriados [******]
Gold:   6696       SH: 14    Dex: 26 (29) Spells: 26/26 levels left

rFire   + +          +
                       - Unarmed
rCold   . . .        S - +0 kite shield {reflect}
rNeg    + . .        w - melded +4 gold dragon scales
rPois   ∞            x - +1 hat of the Armoured One {Stlth+}
rElec   +            H - +2 cloak of Duty {rF++}
rCorr   +            (gloves unavailable)
SInv    .            (boots unavailable)
Will    +++..        M - amulet "Parofasa" {rF+ Will+ Regen+ rCorr}
Stlth   ++++++++     T - +4 ring of slaying
HPRegen 2.38/turn    v - ring of Shadows {Umbra +Inv Stlth+}
MPRegen 0.22/turn

%: reflection
@: statue-form, wreathed by umbra, studying 2 skills, unable to drink, very slow
A: slow and powerful, torment resistance 1, boosted hp, large, unfitting armour,
claws 3, regeneration 1, (shaggy fur 1), (tough skin 1), antennae 1, agile 1,
deterioration 1, screaming 1, evolution 1, subdued magic 1
}: 5/15 runes: barnacled, slimy, silver, abyssal, gossamer
a: Begin Untransformation, Renounce Religion, Evoke Invisibility, Bend Time,
Temporal Distortion, Slouch, Step From Time


You were on level 5 of the Realm of Zot.
You worshipped Cheibriados.
Cheibriados was exalted by your worship.
You were a living statue of rough stone.
You visited 13 branches of the dungeon, and saw 57 of its levels.
You visited the Abyss 3 times.
You also visited: Sewer, Gauntlet and Volcano.

You collected 11434 gold pieces.
You spent 4738 gold pieces at shops.

Inventory:

Missiles
 e - 12 silver javelins
 f - 53 boomerangs
 k - 101 large rocks (quivered)
 D - 3 throwing nets
 U - 13 curare-tipped darts
 Z - 26 javelins
Armour
 q - a scarf of resistance
 w - +4 gold dragon scales (melded)
 x - the +1 hat of the Armoured One (worn) {Stlth+}
   (You found it on level 4 of the Spider Nest)

   Stlth:     It makes you more stealthy.
 y - +0 pearl dragon scales
 H - the +2 cloak of Duty (worn) {rF++}
   (You acquired it on level 5 of the Pits of Slime)

   rF:        It greatly protects you from fire.
 S - a +0 kite shield of reflection (worn)
Jewellery
 g - a ring of protection from cold
 m - the ring "Coywk" {Fire Will- rCorr Str+2 Slay+4}
   (You found it in a Gauntlet)

   [ring of fire]

   It enhances your fire magic.
   Str:       It affects your strength (+2).
   Slay:      It affects your accuracy & damage with ranged weapons and melee
   (+4).
   rF:        It protects you from fire.
   rC:        It makes you vulnerable to cold.
   rCorr:     It protects you from acid and corrosion.
   Will:      It decreases your willpower.
 v - the ring of Shadows (right claw) {Umbra +Inv Stlth+}
   (You took it off a deep elf zephyrmancer on level 2 of the Elven Halls)

   [ring of stealth]

   Umbra:     It surrounds you with an aura of shadow, increasing your stealth
   and reducing the accuracy of all others within it.
   +Inv:      It lets you turn invisible.
   Stlth:     It makes you more stealthy.
 M - the amulet "Parofasa" (around neck) {rF+ Will+ Regen+ rCorr}
   (You found it on level 6 of the Dungeon)

   [amulet of regeneration]

   rF:        It protects you from fire.
   Regen:     It increases your rate of health regeneration.
   rCorr:     It protects you from acid and corrosion.
   Will:      It increases your willpower.
 R - an amulet of regeneration
 T - a +4 ring of slaying (left claw)
Talismans
 c - a storm talisman
 d - a talisman of death
 l - a granite talisman (active)
 X - a dragon-blood talisman
Wands
 t - a wand of mindburst (37)
 B - a wand of iceblast (22)
 J - a wand of light (62)
 V - a wand of flame (145)
 Y - a wand of digging (26)
Scrolls
 a - 8 scrolls of butterflies
 o - 11 scrolls of teleportation
 p - 8 scrolls of fear
 r - 2 scrolls of immolation
 s - 7 scrolls of silence
 z - 5 scrolls of revelation
 F - 5 scrolls of blinking
 I - 8 scrolls of poison
 K - 5 scrolls of fog
Potions
 b - 7 potions of lignification
 i - 4 potions of mutation
 n - 17 potions of curing
 u - 7 potions of enlightenment
 A - 3 potions of brilliance
 C - 3 potions of cancellation
 G - 4 potions of resistance
 L - 5 potions of ambrosia
 N - 10 potions of heal wounds
 O - 4 potions of invisibility
 P - 8 potions of might
 Q - 6 potions of berserk rage
 W - 4 potions of magic
Miscellaneous
 h - a lightning rod (4/4)
 j - a sack of spiders
 E - a tin of tremorstones (2/2)


   Skills:
 * Level 15.2 Fighting
 + Level 0.5 Long Blades
 * Level 16.0 Throwing
 + Level 4.3 Armour
 + Level 18.2 Dodging
 + Level 5.2 Stealth
 + Level 11.0 Shields
 + Level 24.2 Unarmed Combat
 - Level 13.0 Invocations
 * Level 14.0 Evocations
 * Level 17.2 Shapeshifting


You had 26 spell levels left.
You didn't know any spells.
Your spell library contained the following spells:

 Spells                   Type           Power      Damage    Failure   Level
 Apportation              Tloc           0%         N/A       32%         1
 Magic Dart               Conj           0%         1d3       32%         1
 Necrotise                Necr           0%         1d4       32%         1
 Sandblast                Erth           0%         2d4       32%         1
 Shock                    Conj/Air       0%         1d3       32%         1
 Slow                     Hex            0%         N/A       32%         1
 Sting                    Tmut/Pois      0%         1d3       32%         1
 Blink                    Tloc           0%         N/A       45%         2
 Call Imp                 Summ           0%         N/A       45%         2
 Cigotuvi's Dreadful Rot  Necr/Pois/Air  0%         N/A       45%         2
 Lesser Beckoning         Tloc           0%         N/A       45%         2
 Momentum Strike          Conj/Tloc      0%         3d8       45%         2
 Passwall                 Tmut/Erth      0%         N/A       45%         2
 Poisonous Vapours        Pois/Air       0%         N/A       45%         2
 Scorch                   Fire           0%         2d5       45%         2
 Static Discharge         Conj/Air       0%         2-2/arc   45%         2
 Wereblood                Tmut           0%         N/A       45%         2
 Confusing Touch          Hex            0%         N/A       69%         3
 Gell's Gravitas          Tloc           0%         N/A       69%         3
 Hailstorm                Conj/Ice       0%         3d3       69%         3
 Mephitic Cloud           Conj/Pois/Air  0%         N/A       69%         3
 Ozocubu's Armour         Ice            0%         N/A       69%         3
 Stone Arrow              Conj/Erth      0%         3d7       69%         3
 Summon Guardian Golem    Hex/Summ       0%         N/A       69%         3
 Swiftness                Air            0%         N/A       69%         3
 Vampiric Draining        Necr           0%         2d6       69%         3
 Vhi's Electric Charge    Tloc/Air       0%         N/A       69%         3
 Airstrike                Air            0%         2d(0-16)  98%         4
 Anguish                  Hex/Necr       0%         N/A       98%         4
 Animate Armour           Summ/Erth      0%         N/A       98%         4
 Cause Fear               Hex            0%         N/A       98%         4
 Dispel Undead            Necr           0%         3d6       98%         4
 Flame Wave               Conj/Fire      0%         2d4       98%         4
 Iskenderun's Mystic Bla  Conj/Tloc      0%         2d3       98%         4
 Olgreb's Toxic Radiance  Pois           0%         N/A       98%         4
 Sticky Flame             Conj/Fire      0%         2d3       98%         4
 Summon Ice Beast         Ice/Summ       0%         N/A       98%         4
 Summon Lightning Spire   Summ/Air       0%         N/A       98%         4
 Agony                    Necr           0%         N/A       100%        5
 Alistair's Intoxication  Tmut/Pois      0%         N/A       100%        5
 Arcjolt                  Conj/Air       0%         1d10      100%        5
 Borgnjor's Vile Clutch   Necr/Erth      0%         N/A       100%        5
 Fireball                 Conj/Fire      0%         3d3       100%        5
 Irradiate                Conj/Tmut      0%         3d11      100%        5
 Iskenderun's Battlesphe  Conj           0%         2d6       100%        5
 Lee's Rapid Deconstruct  Erth           0%         3d4*      100%        5
 Metabolic Englaciation   Hex/Ice        0%         N/A       100%        5
 Silence                  Hex/Air        0%         N/A       100%        5
 Summon Forest            Summ/Tloc      0%         N/A       100%        5
 Summon Mana Viper        Hex/Summ       0%         N/A       100%        5
 Yara's Violent Unravell  Hex/Tmut       0%         3d3       100%        5
 Conjure Ball Lightning   Conj/Air       0%         3x3d6     100%        6
 Death Channel            Necr           0%         N/A       100%        6
 Eringya's Noxious Bog    Tmut/Pois      0%         4d6       100%        6
 Leda's Unmaking          Conj/Erth      0%         9d1       100%        6
 Plasma Beam              Fire/Air       0%         2x1d10    100%        6
 Simulacrum               Ice/Necr       0%         N/A       100%        6
 Summon Cactus Giant      Summ           0%         N/A       100%        6
 Enfeeble                 Hex            0%         N/A       100%        7
 Orb of Destruction       Conj           0%         9d5       100%        7
 Spellforged Servitor     Conj/Summ      0%         N/A       100%        7
 Summon Hydra             Summ           0%         N/A       100%        7
 Disjunction              Tloc           0%         N/A       100%        8
 Maxwell's Capacitive Co  Air            0%         ∞         100%        8
 Chain Lightning          Conj/Air       0%         N/A       100%        9
 Sublimation of Blood     Necr           Unusable   N/A       N/A         2

Dungeon Overview and Level Annotations

Branches:
Dungeon (15/15)            Temple (1/1) D:6            Lair (5/5) D:10
 Shoals (4/4) Lair:2       Spider (4/4) Lair:2        Slime (5/5) Lair:5
    Orc (2/2) D:12            Elf (3/3) Orc:2        Vaults (5/5) D:13
  Crypt (3/3) Vaults:3       Tomb (0/3) Crypt:3      Depths (4/4) D:15
   Hell (visited)             Zot (5/5) Depths:4      Sewer (visited)
Volcano (visited)         Gauntlet (visited)
    Dis: Hell:1         Geh: Hell:1         Coc: Hell:1         Tar: Hell:1

Altars:
Ashenzari
Cheibriados
Dithmenos
Elyvilon
Fedhas
Gozag
Hepliaklqana
Kikubaaqudgha
Makhleb
Nemelex Xobeh
Okawaru
Qazlal
Ru
Sif Muna
Trog
Uskayaw
Vehumet
Wu Jian
Xom
Yredelemnul
Zin
The Shining One
Jiyva

Shops:
D:7 (=[!   Orc:2 *=[(?   Elf:2 ?   Shoals:3 !   Shoals:4 :[(=[   Vaults:1 (
Vaults:2 =   Vaults:4 =   Depths:1 [(   Depths:2 (:*=?

Portals:
Hell: Lair:5 Depths:1 Depths:2 Depths:3 Depths:4
Abyss: Depths:2 Depths:3
Pandemonium: Depths:2 Depths:3
Ziggurat: Depths:4

Annotations:
D:8 2 runed translucent doors, Jaike's ghost, novice DjCA
Elf:2 3 runed translucent doors
Hell Geryon


Innate Abilities, Weirdness & Mutations

You are a living statue of rough stone.
Your actions are slow, but your melee attacks are powerful.
You are resistant to unholy torment.
Your maximum health is greatly increased.
Your equipment is partially melded.
You are too large for most types of armour.
You are immune to poison.
You have claws for hands.
Your natural rate of healing is unusually fast.
((You are covered in fur. (AC +1)))
((You have tough skin. (AC +1)))
You have a pair of small antennae on your head.
You are agile. (Dex +4, Str/Int -1)
Your body sometimes deteriorates upon taking damage.
You occasionally shout uncontrollably at your foes.
You have hidden genetic potential.
Your spells are a little easier to cast, but a little less powerful.


Message History

The Orb Guardian hits you but does no damage. x2
The Orb Guardian misses you. Something closely misses you.
Something misses you. You block something's attack.
The Orb Guardian hits you but does no damage. x2
The Orb Guardian hits you!
* * * LOW HITPOINT WARNING * * *
The Orb Guardian hits you but does no damage.
The Orb Guardian hits you.
* * * LOW HITPOINT WARNING * * *
You feel you are being watched by something.
You feel your power leaking away. Something hits you.
* * * LOW HITPOINT WARNING * * *
You block something's attack. Something closely misses you.
The Orb Guardian misses you.
Unknown command.
Unknown command.
Unknown command.
Unknown command.
Unknown command.
As you read the scroll of fear, it crumbles to dust.
You assume a fearsome visage.
The Orb Guardian easily resists.
The Orb Guardian resists with almost no effort. x2
The Orb Guardian resists with some effort.
The Orb Guardian looks frightened!
The Killer Klown easily resists.
The purple draconian resists with almost no effort.
The green draconian looks frightened!
The red draconian looks frightened!
The white draconian looks frightened!
The Killer Klown grows four more heads, takes them off and juggles!
You block the Killer Klown's attack. You block the Orb Guardian's attack.
The Orb Guardian hits you!!
* * * LOW HITPOINT WARNING * * *
The Orb Guardian hits you but does no damage.
You feel you are being watched by something.
Something barely misses you. You block something's attack.
Something stings you but does no damage.
The Killer Klown blinks!
The Orb Guardian hits you but does no damage.
The Orb Guardian hits you!
You die...

... .
.......
....
.......#^.
#.... .....
..... .p
▓▓####
##.########
..........
.........#
......{XX#
.....XX8#
......§X#
......d^#
.....d.d.
.......d.
..........
########..
#..


You could see a Killer Klown, a green draconian (fleeing), a purple draconian, a
red draconian (fleeing), a white draconian (fleeing) and 5 Orb Guardians.

Vanquished Creatures
  the Royal Jelly (Slime:5)
  Dissolution (Slime:2)
  2 dread liches (Vaults:5)
  The ghost of Uqizxu the Hoplite, a master OgFi of Okawaru (Zot:4)
  2 orbs of fire
  3 ancient liches
  Bai Suzhen (Depths:2)
  Vv (Zot:1)
  2 Killer Klowns (Zot:2)
  Saint Roka (Vaults:1)
  2 curse toes (Zot:4)
  Nikola (Spider:2)
  3 caustic shrikes (Depths:4)
  Jory (Vaults:5)
  the Enchantress (Depths:2)
  11 golden dragons
  A profane servitor (Abyss:4)
  2 bone dragons
  Arachne (Spider:2)
  A shard shrike zombie (Crypt:3)
  Jorgrun (Shoals:1)
  Rupert (D:15)
  17 tentacled monstrosities
  5 titans
  7 liches
  A walking crystal tome (Depths:1)
  Mlioglotl (Shoals:2)
  2 deep elf blademasters (Elf:3)
  A walking earthen tome (Depths:1)
  2 walking frostbound tomes
  3 ancient champions
  9 quicksilver dragons
  24 acid blobs
  Gastronok (D:12)
  2 deep elf master archers (Elf:3)
  An Executioner (Abyss:3)
  19 storm dragons
  4 tentacled starspawn (Abyss:3)
  10 sphinxes
  9 death cobs
  2 tengu reavers
  Donald (Shoals:1)
  2 krakens (Shoals:4)
  8 shadow dragons
  4 draconian monks
  3 revenants
  14 azure jellies
  15 rockslimes
  5 draconian knights
  The ghost of CryoSword the Lord of Darkness, an adept VSFi of Kikubaaqudgha (Shoals:4)
  Aizul (Elf:2)
  10 fire giants
  3 draconian scorchers
  13 frost giants
  2 narguns (Depths:1)
  8 deep elf sorcerers
  15 vault wardens
  2 balrugs
  4 emperor scorpions
  Louise (Shoals:4)
  8 ghost moths
  6 draconian shifters
  An angel (Abyss:3)
  8 ghouls (Crypt:1)
  3 orc warlords
  5 deep elf elementalists (Elf:3)
  A caustic shrike skeleton (Crypt:1)
  2 broodmothers (Spider:3)
  26 ironbound preservers
  4 formless jellyfish
  8 quicksilver oozes
  4 draconian stormcallers
  3 spriggan defenders (Depths:2)
  8 draconian annihilators
  27 very ugly things
  13 stone giants
  8 war gargoyles
  An ophan (Abyss:1)
  8 ironbound thunderhulks
  4 reapers
  6 deep elf annihilators
  6 deep elf demonologists
  5 black draconians
  Azrael (D:15)
  7 green draconians
  2 yellow draconians
  7 vampire knights
  A minotaur (Gauntlet)
  12 red draconians
  A minotaur (shapeshifter) (Depths:2)
  5 dire elephants
  18 purple draconians
  7 spark wasps
  Snorg (D:11)
  9 fire dragons
  16 ettins
  3 eidola
  6 deep elf death magi
  13 white draconians
  7 deep elf high priests
  9 entropy weavers
  2 spriggan zombies (Crypt:3)
  Josephine (D:11)
  8 merfolk impalers
  3 crystal guardians (Crypt:3)
  6 merfolk javelineers
  33 vault guards
  Fannar (D:12)
  8 jiangshi
  12 great orbs of eyes
  13 yaktaur captains
  A hell beast (Lair:5)
  8 ice dragons
  11 hydras
  4 rakshasas
  4 peacekeepers
  An ice dragon (shapeshifter) (Depths:1)
  3 alligator snapping turtles
  2 spriggan skeletons
  An ogre mage (Vaults:5)
  6 merfolk aquamancers
  5 merfolk avatars
  7 spriggan air magi
  An anaconda (shapeshifter) (Vaults:5)
  12 centaur warriors
  13 ironbound frosthearts
  2 death knights
  5 two-headed ogres
  A death yak (shapeshifter) (Vaults:5)
  A death scarab (Gauntlet)
  Erica (D:8)
  10 deep troll shamans
  13 boulder beetles
  5 satyrs
  10 death yaks
  6 tengu warriors
  8 vampire magi
  20 dancing weapons
  9 demonic crawlers
  3 hell hogs (Abyss:3)
  14 deep troll earth magi
  10 thrashing horrors
  Urug (Orc:2)
  An orc high priest (Orc:2)
  3 titan zombies (Crypt:3)
  10 hell knights
  Nergalle (D:11)
  Sonja (Lair:1)
  7 deep elf knights
  A soul eater (Crypt:2)
  5 sun demons
  6 spriggan berserkers
  A storm dragon zombie (Crypt:3)
  4 skysharks
  9 wretched stars
  A sun moth (Spider:1)
  2 fire crabs (shapeshifter) (D:14)
  A spectral catoblepas (Gauntlet)
  4 sixfirhies
  An iron giant zombie (Crypt:3)
  2 shadow wraiths
  15 iron trolls
  3 flayed ghosts
  4 pharaoh ants
  A shadow demon (Abyss:4)
  39 skeletal warriors
  7 glowing orange brains
  12 sea snakes
  2 spatial maelstroms
  82 deep trolls
  Lodul (D:12)
  10 orb spiders
  An anaconda zombie (Crypt:3)
  6 deep elf archers
  A bog body (Crypt:1)
  A swamp dragon (shapeshifter) (Depths:3)
  3 wizards
  Pikel (D:7)
  28 starcursed masses
  7 lindwurms
  A kraken simulacrum (Shoals:4)
  12 harpies
  2 orange crystal statues (Abyss:4)
  12 phantasmal warriors
  2 jorogumo zombies
  A steelbarb worm (shapeshifter) (Vaults:5)
  9 necromancers
  22 ironbound convokers
  A lindwurm (shapeshifter) (Depths:4)
  9 steelbarb worms
  20 deep elf zephyrmancers
  14 large abominations
  9 orc knights
  28 deep elf pyromancers
  2 human zombies (Vaults:2)
  13 wolf spiders
  4 orc sorcerers
  4 shining eyes
  45 ugly things
  A stone giant zombie (Crypt:2)
  A wolf spider (shapeshifter) (Vaults:5)
  5 worldbinders
  A cyclops (shapeshifter) (Elf:2)
  26 moths of wrath
  18 fauns
  19 manticores
  5 black mambas
  10 elephants (Lair:5)
  10 cyclopes
  A dire elephant zombie (Crypt:3)
  A centaur zombie (Crypt:1)
  A formless jellyfish zombie (Crypt:2)
  13 merfolk sirens
  5 rust devils
  An iron dragon skeleton (Crypt:2)
  4 eyes of devastation
  10 smoke demons
  3 torpor snails
  12 vault sentinels
  A shock serpent skeleton (Crypt:1)
  13 water nymphs
  5 orange demons
  10 cane toads
  A minotaur zombie (Gauntlet)
  An elf skeleton (Vaults:2)
  An orc skeleton (Crypt:3)
  6 unseen horrors
  2 dire elephant skeletons
  A centaur skeleton (Crypt:3)
  5 tengu conjurers
  31 yaktaurs
  Psyche (D:11)
  3 rime drakes (Lair:5)
  4 komodo dragons
  3 freezing wraiths
  An ice devil (Lair:5)
  A redback zombie (Crypt:2)
  7 ancient zymes
  44 merfolk
  A silent spectre (Abyss:4)
  A queen bee (Spider:1)
  A black draconian skeleton (Crypt:2)
  4 tormentors
  4 red devils
  10 trolls
  A hellwing (D:12)
  3 polar bears
  6 meliai
  Grinder (D:5)
  9 hornets
  5 wind drakes
  A wind drake (shapeshifter) (D:11)
  A satyr zombie (Crypt:2)
  19 tarantellas
  10 blink frogs
  A harpy skeleton (Abyss:3)
  3 dream sheep (Shoals:3)
  A sphinx simulacrum (Vaults:2)
  8 snapping turtles
  13 raiju
  A snapping turtle (shapeshifter) (Abyss:4)
  18 culicivoras
  5 shadows (D:11)
  29 jumping spiders
  4 spriggans
  20 water elementals
  An ettin skeleton (Crypt:1)
  85 slime creatures
  2 air elementals
  46 flying skulls
  6 vampires
  14 wraiths
  3 wyverns
  27 yaks
  3 ynoxinuls
  2 basilisks (Lair:5)
  7 fire elementals
  10 humans (D:13)
  13 neqoxecs
  Grum (D:10)
  4 chaos spawn
  15 small abominations
  8 golden eyes
  A steam dragon (Lair:4)
  8 vampire mosquitoes
  60 redbacks
  A spatial vortex (Abyss:4)
  Edmund (Temple)
  A naga zombie (Crypt:3)
  5 wargs
  12 hell hounds
  15 water moccasins
  3 acid dragons
  Duvessa (D:6)
  2 floating eyes
  A demonspawn skeleton (Crypt:2)
  34 orc warriors
  A sky beast (shapeshifter) (Elf:3)
  3 ice beasts
  A black bear (Lair:1)
  A dream sheep zombie (Crypt:1)
  15 ogres
  Pargi (Sewer)
  18 boggarts
  10 wolves
  18 centaurs
  2 phantoms
  A hog skeleton (Crypt:2)
  2 kobold brigands (D:11)
  2 earth elementals
  3 necrophages
  17 bullfrogs
  3 gnoll sergeants
  A scorpion (D:4)
  Dowan (D:6)
  13 wights
  26 killer bees
  A troll skeleton (Crypt:1)
  9 electric eels
  2 howler monkeys
  A quasit (Abyss:1)
  3 hounds
  A jelly (D:7)
  A gnoll bouda (D:7)
  35 orc priests
  A bullfrog skeleton (Crypt:1)
  3 iron imps
  A sleepcap (D:6)
  Jessica (D:2)
  3 iguanas
  10 hell rats (Lair:3)
  38 orc wizards
  22 gnolls
  15 river rats
  10 adders
  2 shadow imps (D:7)
  15 white imps
  5 ufetubi
  A lava snake zombie (Crypt:1)
  An adder skeleton (Crypt:1)
  2 worms (D:2)
  A dart slug (shapeshifter) (Vaults:5)
  A dart slug (D:2)
  103 orcs
  13 ball pythons
  A bat skeleton (Crypt:1)
  14 endoplasms
  8 giant cockroaches
  10 goblins
  5 hobgoblins
  2 jackals (D:4)
  10 quokkas
  10 bats
  6 frilled lizards
  18 kobolds
  12 rats
  A rat skeleton (Crypt:1)
  A spectral orc (D:10)
  A lurking horror (Abyss:1)
  11 tentacles (Shoals:4)
2752 creatures vanquished.

Vanquished Creatures (collateral kills)
  A stone giant (Depths:4)
  A fire dragon (Depths:4)
  2 hell knights (Depths:4)
  An ironbound convoker (Vaults:1)
  A wizard (Vaults:1)
  A merfolk (Shoals:3)
  2 orc warriors (Orc:2)
  An ogre (Orc:2)
  An orc wizard (Orc:2)
  An orc (Orc:2)
12 creatures vanquished.

Vanquished Creatures (others)
  A red draconian (Zot:2)
  A purple draconian (Zot:2)
  A deep elf archer (Elf:3)
  A deep elf zephyrmancer (Elf:1)
  A moth of wrath (Zot:4)
  A flying skull (Crypt:3)
  A slime creature (Slime:1)
  A jumping spider (Spider:2)
  A human (D:13)
  A redback (Spider:2)
  2 boggarts (Vaults:3)
  A quasit (Abyss:3)
  6 starspawn tentacles (Abyss:3)
  23 tentacles (Shoals:4)
42 creatures vanquished.

Grand Total: 2806 creatures vanquished

Notes
Turn   | Place    | Note
-------+----------+-------------------------------------------
     0 | D:1      | Morbidden the Troll Shapeshifter began the quest for the
                  | Orb.
     0 | D:1      | Reached XP level 1. HP: 18/18 MP: 0/0
    85 | D:1      | Reached skill level 1 in Fighting
   138 | D:1      | Reached XP level 2. HP: 27/27 MP: 1/1
   217 | D:1      | Found a faded altar of an unknown god.
   287 | D:1      | Reached XP level 3. HP: 33/33 MP: 2/2
  1104 | D:2      | Reached skill level 1 in Throwing
  1104 | D:2      | Reached XP level 4. HP: 41/41 MP: 3/3
  1261 | D:2      | Noticed Jessica
  1268 | D:2      | Killed Jessica
  2186 | D:3      | Reached XP level 5. HP: 40/48 MP: 4/4
  2400 | D:3      | Reached skill level 4 in Unarmed Combat
  2793 | D:4      | Reached XP level 6. HP: 55/57 MP: 5/5
  2844 | D:4      | Found a glowing drain.
  2851 | Sewer    | Entered a sewer
  2916 | Sewer    | Noticed Pargi
  2924 | Sewer    | Killed Pargi
  3020 | D:4      | Identified a scroll of acquirement
  3020 | D:4      | Acquired 998 gold pieces
  3161 | D:4      | Found a large runed translucent door.
  3161 | D:4      | Found a large runed translucent door.
  3200 | D:4      | Found a large runed translucent door.
  3200 | D:4      | Found a large runed translucent door.
  3440 | D:4      | Reached XP level 7. HP: 35/65 MP: 6/6
  3493 | D:4      | Reached skill level 5 in Unarmed Combat
  3597 | D:4      | Found a broken altar of Ashenzari.
  3792 | D:5      | Entered Level 5 of the Dungeon
  4101 | D:5      | Noticed Grinder
  4114 | D:5      | Killed Grinder
  4115 | D:5      | Reached skill level 1 in Armour
  4115 | D:5      | Reached XP level 8. HP: 42/74 MP: 7/7
  4622 | D:6      | Reached skill level 5 in Shapeshifting
  4648 | D:6      | Reached skill level 6 in Unarmed Combat
  4649 | D:6      | Gained mutation: You are robust. (+10% HP) [potion of
                  | mutation]
  4649 | D:6      | Gained mutation: You occasionally lose the ability to read
                  | scrolls when taking damage. [potion of mutation]
  4649 | D:6      | Gained mutation: You are very robust. (+20% HP) [potion of
                  | mutation]
  5072 | D:6      | Found a shadowy altar of Dithmenos.
  5186 | D:6      | Found a large runed translucent door.
  5186 | D:6      | Found a large runed translucent door.
  5202 | D:6      | Found a staircase to the Ecumenical Temple.
  5232 | D:6      | Reached XP level 9. HP: 92/99 MP: 8/8
  5236 | D:6      | Noticed Duvessa
  5236 | D:6      | Noticed Edmund
  5237 | D:6      | Noticed Dowan
  5247 | Temple   | Entered the Ecumenical Temple
  5273 | Temple   | Killed Edmund
  5389 | D:6      | Killed Duvessa
  5394 | D:6      | Killed Dowan
  5476 | D:6      | Found a white marble altar of Elyvilon.
  5552 | D:6      | Identified the amulet "Parofasa" {rF+ Will+ Regen+ rCorr}
  5569 | D:6      | Found an opulent altar of Gozag.
  5906 | D:6      | Found a snail-covered altar of Cheibriados.
  5909 | D:6      | Found a blossoming altar of Fedhas.
  5915 | D:6      | Became a worshipper of Cheibriados the Contemplative
  5982 | D:7      | Reached skill level 1 in Invocations
  6045 | D:7      | Found an iron altar of Okawaru.
  6090 | D:7      | Found Besut's Armour Shop.
  6170 | D:7      | Noticed Pikel
  6179 | D:7      | Killed Pikel
  6180 | D:7      | Reached skill level 1 in Stealth
  6180 | D:7      | Reached skill level 7 in Unarmed Combat
  6184 | D:7      | Reached skill level 1 in Evocations
  6189 | D:7      | Reached skill level 5 in Dodging
  6198 | D:7      | Reached * piety under Cheibriados
  6560 | D:7      | Found Roxzazydgh's Distillery.
  6563 | D:7      | Reached XP level 10. HP: 109/111 MP: 10/10
  6571 | D:7      | Found Adonat's Jewellery Boutique.
  6576 | D:7      | Bought a potion of heal wounds for 65 gold pieces
  6576 | D:7      | Bought a potion of curing for 39 gold pieces
  6576 | D:7      | Bought 2 potions of mutation for 208 gold pieces
  6576 | D:7      | Bought a potion of mutation for 104 gold pieces
  6576 | D:7      | Bought a potion of curing for 39 gold pieces
  6576 | D:7      | Bought a potion of berserk rage for 65 gold pieces
  6605 | D:7      | Bought a serpent talisman for 480 gold pieces
  6622 | D:7      | Found Dyclegg's Weapon Emporium.
  6739 | D:8      | Found a large runed translucent door.
  6739 | D:8      | Found a large runed translucent door.
  6741 | D:8      | Noticed Jaike's ghost (novice DjCA)
  6795 | D:8      | Reached ** piety under Cheibriados
  6929 | D:8      | Found a bloodstained altar of Trog.
  6969 | D:8      | Noticed a two-headed ogre
  6977 | D:8      | Killed a two-headed ogre
  7167 | D:8      | Reached skill level 5 in Throwing
  7383 | D:8      | Reached *** piety under Cheibriados
  7410 | D:8      | Noticed Erica
  7421 | D:8      | Killed Erica
  7422 | D:8      | Reached skill level 8 in Unarmed Combat
  7832 | D:9      | Found a glowing silver altar of Zin.
  7845 | D:9      | Reached skill level 5 in Fighting
  7959 | D:9      | Found a radiant altar of Vehumet.
  8333 | D:10     | Entered Level 10 of the Dungeon
  8348 | D:10     | Noticed Grum
  8358 | D:10     | Killed Grum
  8385 | D:10     | Found a hide-covered altar of Uskayaw.
  8402 | D:10     | Reached XP level 11. HP: 122/122 MP: 11/13
  8469 | D:10     | Found a sparkling altar of Nemelex Xobeh.
  8563 | D:10     | Reached **** piety under Cheibriados
  8574 | D:10     | Found a staircase to the Lair.
  9021 | D:10     | Found a basalt altar of Yredelemnul.
  9108 | Lair:1   | Entered Level 1 of the Lair of Beasts
  9428 | Lair:1   | Noticed Sonja
  9430 | Lair:1   | Killed Sonja
  9492 | Lair:1   | Reached ***** piety under Cheibriados
  9987 | Lair:2   | Noticed a six-headed hydra
  9990 | Lair:2   | Killed a six-headed hydra
  9993 | Lair:2   | Reached skill level 5 in Invocations
 10060 | Lair:2   | Found a hole to the Spider Nest.
 10084 | Lair:2   | Noticed a skyshark
 10092 | Lair:2   | Killed a skyshark
 10100 | Lair:2   | Reached skill level 9 in Unarmed Combat
 10219 | Lair:2   | Found a staircase to the Shoals.
 10254 | Lair:2   | Reached XP level 12. HP: 135/135 MP: 15/15
 11185 | Lair:3   | Noticed a four-headed hydra
 11194 | Lair:3   | Killed a four-headed hydra
 11290 | Lair:3   | Noticed a boulder beetle
 11302 | Lair:3   | Killed a boulder beetle
 11594 | Lair:4   | Reached ****** piety under Cheibriados
 11720 | Lair:4   | Noticed a seven-headed hydra
 11728 | Lair:4   | Killed a seven-headed hydra
 12085 | Lair:4   | Noticed a seven-headed hydra
 12090 | Lair:4   | Killed a seven-headed hydra
 12150 | Lair:4   | Noticed a four-headed hydra
 12154 | Lair:4   | Killed a five-headed hydra
 12155 | Lair:4   | Reached skill level 10 in Unarmed Combat
 12188 | Lair:4   | Found a shimmering altar of Xom.
 12415 | Lair:4   | Noticed a seven-headed hydra
 12425 | Lair:4   | Killed a seven-headed hydra
 12426 | Lair:4   | Reached skill level 5 in Evocations
 12719 | Lair:5   | Entered Level 5 of the Lair of Beasts
 12725 | Lair:5   | Noticed a death yak
 12726 | Lair:5   | Noticed a death yak
 12727 | Lair:5   | Noticed a death yak
 12727 | Lair:5   | Noticed a death yak
 12735 | Lair:4   | Killed a death yak
 12780 | Lair:5   | Reached XP level 13. HP: 146/146 MP: 16/16
 13424 | Lair:5   | Noticed a dire elephant
 13434 | Lair:5   | Killed a dire elephant
 13475 | Lair:5   | Reached skill level 11 in Unarmed Combat
 13601 | Lair:5   | Found a burning altar of Makhleb.
 13694 | Lair:5   | Found a gateway to Hell.
 13701 | Lair:5   | Identified the staff "Qonod" {rElec rF++ rN+ Str-5 Dex+2
                  | Necro}
 13958 | Lair:5   | Found a viscous altar of Jiyva.
 13958 | Lair:5   | Found a staircase to the Slime Pits.
 14243 | D:11     | Found Guetex's Serpentskin Sales.
 14315 | D:11     | Noticed Psyche
 14319 | D:11     | Killed Psyche
 14320 | D:11     | You fall into a shaft and drop 2 floors!
 14380 | D:13     | Found a gate leading to a gauntlet.
 14387 | Gauntlet | Entered a Gauntlet
 14387 | Gauntlet | Found a transporter.
 14387 | Gauntlet | Found a runed translucent door.
 14387 | Gauntlet | Found a transporter.
 14398 | Gauntlet | Found a transporter.
 14402 | Gauntlet | Found a transporter.
 14413 | Gauntlet | Found a transporter.
 14415 | Gauntlet | Found a transporter.
 14423 | Gauntlet | Found a transporter.
 14426 | Gauntlet | Found the +12 pair of quick blades "Gyre" and "Gimble"
                  | {protect}
 14439 | Gauntlet | Found a transporter.
 14453 | Gauntlet | Found a transporter.
 14457 | Gauntlet | Found a transporter.
 14471 | Gauntlet | Found a transporter.
 14472 | Gauntlet | Found a transporter.
 14474 | Gauntlet | Found a runed translucent door.
 14507 | Gauntlet | Found a runed translucent door.
 14574 | Gauntlet | Reached XP level 14. HP: 156/156 MP: 18/18
 14591 | Gauntlet | Identified the amulet "Xoriseluhue" {Spirit Fly rPois rC-
                  | Str+5}
 14594 | Gauntlet | Identified the staff "Xunamech" {rCorr Int+2 Dex+2 Stlth-
                  | Earth}
 14619 | Gauntlet | Identified the ring "Coywk" {Fire Will- rCorr Str+2 Slay+4}
 14735 | D:11     | Noticed Snorg
 14740 | D:11     | Killed Snorg
 15010 | D:11     | Noticed Josephine
 15015 | D:11     | Killed Josephine
 15274 | D:11     | Noticed Nergalle
 15282 | D:11     | Killed Nergalle
 15694 | D:11     | Identified the +0 plate armour of Sif Muna, Flying {Regen+
                  | SInv}
 15736 | D:11     | Reached skill level 12 in Unarmed Combat
 15864 | D:11     | Reached skill level 10 in Shapeshifting
 16087 | D:12     | Noticed Lodul
 16111 | D:12     | Killed Lodul
 16270 | D:12     | Noticed Gastronok
 16284 | D:12     | Killed Gastronok
 16318 | D:12     | Noticed Fannar
 16324 | D:12     | Killed Fannar
 16383 | D:12     | Reached XP level 15. HP: 160/171 MP: 20/20
 16442 | D:12     | Found a staircase to the Orcish Mines.
 17275 | D:13     | Found a gate to the Vaults.
 17405 | D:14     | Found a glowing golden altar of the Shining One.
 17617 | D:14     | Reached skill level 13 in Unarmed Combat
 18100 | D:15     | Entered Level 15 of the Dungeon
 18293 | D:15     | Noticed Azrael
 18302 | D:15     | Killed Azrael
 18509 | D:15     | Found a staircase to the Depths.
 18718 | Orc:1    | Entered Level 1 of the Orcish Mines
 19208 | Orc:2    | Entered Level 2 of the Orcish Mines
 19245 | Orc:2    | Found a dark tunnel.
 19256 | Volcano  | Entered a volcano
 19507 | Orc:2    | Found a staircase to the Elven Halls.
 19571 | Orc:2    | Found Caveh's Magic Scroll Shop.
 19591 | Orc:2    | Bought a scroll of revelation for 90 gold pieces
 19645 | Orc:2    | Noticed Urug
 19654 | Orc:2    | Killed Urug
 19712 | Orc:2    | Found Usampo's Antique Weapon Boutique.
 19730 | Orc:2    | Found Difyl's Antique Armour Boutique.
 19790 | Orc:2    | Found Opoirgh's Jewellery Boutique.
 19796 | Orc:2    | Bought a granite talisman for 960 gold pieces
 20053 | Orc:2    | Found Feuhan's General Store.
 20324 | Spider:1 | Entered Level 1 of the Spider Nest
 20324 | Spider:1 | You fall into a shaft and drop 1 floor!
 20380 | Spider:2 | Noticed Nikola
 20387 | Spider:2 | Noticed Arachne
 20404 | Spider:2 | Reached XP level 16. HP: 58/183 MP: 10/21
 20421 | Spider:2 | Killed Arachne
 20430 | Spider:2 | Reached skill level 10 in Dodging
 20486 | Spider:1 | Reached skill level 14 in Unarmed Combat
 21149 | Spider:2 | Killed Nikola
 22292 | Spider:3 | Acquired 1131 gold pieces
 22493 | Spider:4 | Entered Level 4 of the Spider Nest
 22585 | Spider:4 | Reached XP level 17. HP: 161/195 MP: 23/23
 22960 | Spider:4 | Reached skill level 15 in Unarmed Combat
 23373 | Spider:4 | Identified the +0 hat "Fohoduq" {-Tele rElec rN++ Stlth+}
 23378 | Spider:4 | Identified the +1 hat of the Armoured One {Stlth+}
 23432 | Spider:4 | Got a gossamer rune of Zot
 23585 | Shoals:1 | Entered Level 1 of the Shoals
 23612 | Shoals:1 | Noticed Jorgrun
 23648 | Shoals:1 | Killed Jorgrun
 24024 | Shoals:1 | Noticed Donald
 24031 | Shoals:1 | Killed Donald
 24380 | Shoals:2 | Noticed Mlioglotl
 24382 | Shoals:2 | Noticed a bone dragon
 24384 | Shoals:2 | Killed Mlioglotl
 24385 | Shoals:2 | Reached skill level 10 in Invocations
 24509 | Shoals:2 | Reached skill level 1 in Shields
 25037 | Shoals:3 | Found Viniasi's Distillery.
 25145 | Shoals:3 | Reached skill level 16 in Unarmed Combat
 25258 | Shoals:3 | Reached XP level 18. HP: 199/208 MP: 24/24
 25436 | Shoals:4 | Entered Level 4 of the Shoals
 25436 | Shoals:4 | Found Xeam's Jewellery Shop.
 25436 | Shoals:4 | Found Halasch's Antique Weapon Emporium.
 25440 | Shoals:4 | Noticed Louise
 25502 | Shoals:4 | Found Vyck's Antique Armour Shoppe.
 25576 | Shoals:4 | Got a barnacled rune of Zot
 25639 | Shoals:4 | Reached skill level 10 in Fighting
 25639 | Shoals:4 | Noticed CryoSword's ghost (adept VSFi)
 25642 | Shoals:4 | Killed Louise
 25864 | Shoals:4 | Found Tafalon's Armour Shoppe.
 25930 | Shoals:4 | Found a runed translucent gate.
 25948 | Shoals:4 | Found Goulligi's Book Shop.
 26061 | Shoals:4 | Identified the ring "Luatyewon" {Ice rElec Dex-4 Slay+2}
 26174 | Shoals:4 | Found a runed translucent gate.
 26174 | Shoals:4 | Found a runed translucent gate.
 26321 | Shoals:4 | Got Sif Muna's Directory of Transformed Force
 26374 | Shoals:4 | Got Sif Muna's Catalogue of Electric Space
 26424 | Shoals:4 | Killed CryoSword's ghost
 26466 | Shoals:4 | Identified the +2 pair of boots of Anugrunlo {rF+ Stlth+}
 26685 | Elf:1    | Entered Level 1 of the Elven Halls
 27121 | Shoals:3 | Bought a potion of heal wounds for 70 gold pieces
 27121 | Shoals:3 | Bought a potion of resistance for 140 gold pieces
 27121 | Shoals:3 | Bought a potion of might for 56 gold pieces
 27641 | Elf:1    | Got the Compilation of the Volley and the Mob
 27775 | Elf:1    | Found the +16 obsidian axe {drain, demonic, Mesm Drain Fly
                  | SInv}
 27944 | Elf:2    | Paralysed by an air elemental for 1 turns
 27994 | Elf:2    | Reached XP level 19. HP: 220/220 MP: 26/26
 28016 | Elf:2    | Found a runed translucent gate.
 28017 | Elf:2    | Found a runed translucent gate.
 28020 | Elf:2    | Found a runed translucent gate.
 28033 | Elf:2    | Noticed Aizul
 28038 | Elf:2    | Killed Aizul
 28158 | Elf:2    | Found The Oracle's Delphic Readings.
 28167 | Elf:2    | Bought a scroll of acquirement for 780 gold pieces
 28167 | Elf:2    | Acquired a manual of Invocations
 28326 | Elf:3    | Entered Level 3 of the Elven Halls
 28344 | Elf:3    | Reached skill level 17 in Unarmed Combat
 28784 | Elf:3    | Found the +7 great mace "Firestarter" {flame, immolate,
                  | rFlCloud rF++}
 28862 | Elf:3    | Found the +9 sword of Power {lifebolt}
 28928 | Elf:3    | Identified the staff of the Ageless Beggars {rPois Dex+5
                  | SInv Poison}
 28930 | Elf:3    | Found the +6 lightning scales {swift, rElec}
 28978 | Elf:3    | Got the Disquisition on Gusty Transmigration
 28985 | Elf:3    | Got Goqeggio's Precepts of Metamorphic Immolation
 29282 | Vaults:1 | Entered Level 1 of the Vaults
 29322 | Vaults:1 | Noticed Saint Roka
 29329 | Vaults:1 | Paralysed by a great orb of eyes for 4 turns
 29342 | Vaults:1 | Reached skill level 10 in Throwing
 29590 | Vaults:1 | Killed Saint Roka
 29732 | Vaults:1 | Reached XP level 20. HP: 134/231 MP: 23/27
 29858 | Vaults:1 | Found Efady's Weapon Boutique.
 30194 | Vaults:1 | Reached skill level 10 in Evocations
 30433 | Vaults:2 | Reached skill level 18 in Unarmed Combat
 30547 | Vaults:2 | Found Vuisijek's Jewellery Shoppe.
 31516 | Vaults:3 | Found a staircase to the Crypt.
 32155 | Vaults:3 | Reached skill level 5 in Shields
 32167 | Vaults:3 | Reached XP level 21. HP: 244/244 MP: 29/29
 32515 | Crypt:1  | Entered Level 1 of the Crypt
 32652 | Vaults:4 | Reached skill level 19 in Unarmed Combat
 33062 | Vaults:4 | Found Zucs's Jewellery Emporium.
 33704 | Depths:1 | Entered Level 1 of the Depths
 33848 | Depths:1 | Found Sukuoc's Antique Weapon Shop.
 33974 | Depths:1 | Identified the +8 double sword of Generosity {flame, rPois
                  | Dex+3}
 33974 | Depths:1 | Identified the +8 double sword of Turmoil {flame, rC-
                  | Int+7}
 34515 | Depths:1 | Found George's Dragon-Slaying Spoils.
 34683 | Depths:2 | Noticed Bai Suzhen
 34690 | Depths:2 | Found Ykhuifay's Weapon Boutique.
 34694 | Depths:2 | Killed Bai Suzhen
 34839 | Depths:2 | Found Yxkyghy's Book Boutique.
 34859 | Depths:2 | Reached XP level 22. HP: 256/256 MP: 30/30
 34892 | Depths:2 | Identified the +4 flail of Beogh's Delight {flame, Str+4}
 34985 | Depths:2 | Found Xatzoiw's Magic Scroll Emporium.
 34991 | Depths:2 | Noticed the Enchantress
 34998 | Depths:2 | Killed the Enchantress
 35012 | Depths:2 | Reached skill level 20 in Unarmed Combat
 35030 | Depths:2 | Bought a scroll of teleportation for 42 gold pieces
 35045 | Depths:2 | Found a one-way gate to the infinite horrors of the Abyss.
 35091 | Depths:2 | Found Tishiorr's Jewellery Shop.
 35163 | Depths:2 | Found Zohethan's General Store.
 35407 | Depths:2 | Found a one-way gate leading to the halls of Pandemonium.
 35467 | Depths:2 | Paralysed by a floating eye for 2 turns
 37159 | Depths:4 | Entered Level 4 of the Depths
 37192 | Depths:4 | Reached skill level 15 in Dodging
 37213 | Depths:4 | Found a one-way gateway to a ziggurat.
 37540 | Depths:4 | Noticed a caustic shrike
 37542 | Depths:4 | Noticed a caustic shrike
 37543 | Depths:4 | Noticed a golden dragon
 37544 | Depths:4 | Killed a caustic shrike
 37545 | Depths:4 | Noticed a caustic shrike
 37547 | Depths:4 | Killed a caustic shrike
 37553 | Depths:4 | Killed a caustic shrike
 37554 | Depths:4 | Reached XP level 23. HP: 241/268 MP: 31/31
 37556 | Depths:4 | Found a gate to the Realm of Zot.
 37595 | Depths:4 | Reached skill level 21 in Unarmed Combat
 37896 | Depths:4 | Reached skill level 15 in Shapeshifting
 38314 | Depths:1 | Bought +0 gold dragon scales for 1600 gold pieces
 38803 | Crypt:1  | Identified the +1 robe of Qehovolo {rCorr Str-4 Int+5}
 39648 | Crypt:2  | Identified the +3 long sword "Huag" {heavy, *Slow MP+9
                  | Str+6 Stlth+}
 40188 | Crypt:3  | Entered Level 3 of the Crypt
 40328 | Crypt:3  | Found a staircase to the Tomb.
 40384 | Crypt:3  | Reached XP level 24. HP: 283/283 MP: 31/31
 40414 | Crypt:3  | Noticed an ancient lich
 40425 | Crypt:3  | Killed an ancient lich
 40570 | Crypt:3  | Found a basalt altar of Yredelemnul.
 40719 | Crypt:3  | Identified the ring "Saumec" {*Slow rPois rN+ Dex+5 Stlth+}
 40719 | Crypt:3  | Identified the ring "Qangicio" {+Blink rElec rC- rN+ Dex+6}
 40719 | Crypt:3  | Identified the ring "Qoke Pics" {rN+ Str+2 Stlth+}
 40721 | Crypt:3  | Upgraded the game from 0.31-a0-430-gf8416d752b to
                  | 0.31-a0-435-g2c6fae2916
 40906 | Crypt:3  | Reached skill level 22 in Unarmed Combat
 41270 | Vaults:5 | Entered Level 5 of the Vaults
 41270 | Vaults:5 | Noticed Jory
 41288 | Vaults:5 | Killed Jory
 41642 | Vaults:5 | Noticed an ancient lich
 41646 | Vaults:5 | Noticed a dread lich
 41647 | Vaults:5 | Noticed an ancient lich
 41790 | Vaults:5 | Killed an ancient lich
 41830 | Vaults:5 | Killed a dread lich
 42030 | Vaults:5 | Got the Information on Transposed Austromancy
 42186 | Vaults:5 | Noticed a dread lich
 42202 | Vaults:5 | Killed a dread lich
 42339 | Vaults:5 | Identified the +0 robe "Vuocolol" {rPois rC+ rCorr Stlth+}
 42520 | Vaults:5 | Killed an ancient lich
 42666 | Vaults:5 | Reached XP level 25. HP: 296/296 MP: 31/31
 42764 | Vaults:5 | Identified the +7 chain mail of the Iron Devil {Fly Will-
                  | Dex+3}
 42766 | Vaults:5 | Got a silver rune of Zot
 43515 | Depths:4 | Paralysed by a floating eye for 2 turns
 43705 | D:15     | Noticed Rupert
 43713 | D:15     | Killed Rupert
 43781 | D:15     | Reached skill level 5 in Stealth
 44115 | Zot:1    | Entered Level 1 of the Realm of Zot
 45853 | Slime:1  | Entered Level 1 of the Pits of Slime
 46294 | Slime:3  | Noticed Dissolution
 46302 | Slime:2  | Killed Dissolution
 46302 | Slime:2  | Gained mutation: You have hidden genetic defects. [a
                  | shining eye]
 46370 | Slime:5  | Entered Level 5 of the Pits of Slime
 46631 | Slime:5  | Reached skill level 23 in Unarmed Combat
 46722 | Slime:5  | Found a viscous altar of Jiyva.
 46747 | Slime:5  | Gained mutation: Your body sometimes deteriorates upon
                  | taking damage. [hidden defects]
 46831 | Slime:5  | Noticed the Royal Jelly
 46838 | Slime:5  | Killed the Royal Jelly
 46882 | Slime:5  | Acquired the +2 cloak of Duty {rF++}
 46916 | Slime:5  | Got the Compilation of Coordinates
 46972 | Slime:5  | Identified the +0 robe of the Enchanted Forest {Drain
                  | Int+6}
 46977 | Slime:5  | Identified the +2 war axe of Success {vamp, Contam rElec
                  | rPois Str+2 Dex+4}
 46980 | Slime:5  | Identified the +1 scale mail of Boaloymo {Drain rElec Int+3
                  | Dex+3}
 47121 | Slime:5  | Identified the +8 trident of the Dead {heavy, rF+ rC+
                  | rCorr}
 47129 | Slime:5  | Got a slimy rune of Zot
 47396 | Slime:5  | Lost mutation: You occasionally lose the ability to read
                  | scrolls when taking damage. [potion of mutation]
 47396 | Slime:5  | Lost mutation: You are very robust. (+20% HP) [potion of
                  | mutation]
 47396 | Slime:5  | Gained mutation: Your movements are slightly less
                  | encumbered by armour. (ER -2) [potion of mutation]
 47396 | Slime:5  | Gained mutation: You have sharp toenails. [potion of
                  | mutation]
 47396 | Slime:5  | Lost mutation: You have hidden genetic defects. [potion of
                  | mutation]
 47396 | Slime:5  | Gained mutation: You have a pair of small horns on your
                  | head. [potion of mutation]
 47397 | Slime:5  | Lost mutation: You have sharp toenails. [potion of
                  | mutation]
 47397 | Slime:5  | Lost mutation: You have a pair of small horns on your head.
                  | [potion of mutation]
 47397 | Slime:5  | Lost mutation: Your movements are slightly less encumbered
                  | by armour. (ER -2) [potion of mutation]
 47397 | Slime:5  | Gained mutation: You have large cloven feet. [potion of
                  | mutation]
 47397 | Slime:5  | Gained mutation: You are partially covered in iridescent
                  | scales. (AC +2) [potion of mutation]
 47397 | Slime:5  | Gained mutation: You have hidden genetic defects. [potion
                  | of mutation]
 47398 | Slime:5  | Lost mutation: You are partially covered in iridescent
                  | scales. (AC +2) [potion of mutation]
 47398 | Slime:5  | Lost mutation: You are robust. (+10% HP) [potion of
                  | mutation]
 47398 | Slime:5  | Gained mutation: You have a pair of small horns on your
                  | head. [potion of mutation]
 47398 | Slime:5  | Gained mutation: Your flesh is cold resistant. (rC+)
                  | [potion of mutation]
 47399 | Slime:5  | Lost mutation: Your body sometimes deteriorates upon taking
                  | damage. [potion of mutation]
 47399 | Slime:5  | Lost mutation: You have large cloven feet. [potion of
                  | mutation]
 47399 | Slime:5  | Lost mutation: Your flesh is cold resistant. (rC+) [potion
                  | of mutation]
 47399 | Slime:5  | Gained mutation: You have terrible hidden genetic defects.
                  | [potion of mutation]
 47400 | Slime:5  | Lost mutation: You have a pair of small horns on your head.
                  | [potion of mutation]
 47400 | Slime:5  | Lost mutation: You have terrible hidden genetic defects.
                  | [potion of mutation]
 47400 | Slime:5  | Lost mutation: You have hidden genetic defects. [potion of
                  | mutation]
 47400 | Slime:5  | Gained mutation: You have hidden genetic potential. [potion
                  | of mutation]
 47400 | Slime:5  | Gained mutation: Your muscles are strong. (Str +4, Int/Dex
                  | -1) [potion of mutation]
 47400 | Slime:5  | Gained mutation: You have a pair of small antennae on your
                  | head. [potion of mutation]
 48170 | Depths:2 | Voluntarily entered the Abyss.
 48221 | Abyss:1  | Found a corrupted altar of Lugonu.
 48324 | Abyss:1  | Upgraded the game from 0.31-a0-435-g2c6fae2916 to
                  | 0.31-a0-479-g91c9547826
 48445 | Abyss:1  | Found a corrupted altar of Lugonu.
 48456 | Abyss:1  | Reached XP level 26. HP: 205/205 MP: 31/31
 48483 | Abyss:1  | Gained mutation: You occasionally shout uncontrollably at
                  | your foes. [a neqoxec]
 48492 | Depths:2 | Escaped the Abyss
 48555 | Depths:2 | Voluntarily entered the Abyss.
 48692 | Abyss:2  | Found a snail-covered altar of Cheibriados.
 48754 | Abyss:2  | Found a corrupted altar of Lugonu.
 48789 | Abyss:2  | Found a corrupted altar of Lugonu.
 48796 | Abyss:2  | Found a corrupted altar of Lugonu.
 48862 | Abyss:2  | Found a corrupted altar of Lugonu.
 48984 | Abyss:3  | Found a corrupted altar of Lugonu.
 49062 | Abyss:3  | Gained mutation: Your spells are easier to cast, but less
                  | powerful. [a neqoxec]
 49189 | Abyss:3  | Found a corrupted altar of Lugonu.
 49190 | Abyss:3  | Found a corrupted altar of Lugonu.
 49200 | Abyss:3  | Reached skill level 10 in Shields
 49245 | Abyss:3  | Reached skill level 15 in Throwing
 49342 | Depths:2 | Escaped the Abyss
 49344 | Depths:2 | Voluntarily entered the Abyss.
 49414 | Abyss:4  | Found a corrupted altar of Lugonu.
 49596 | Abyss:4  | Gained mutation: Your body sometimes deteriorates upon
                  | taking damage. [a neqoxec]
 49609 | Abyss:4  | Lost mutation: Your muscles are strong. (Str +4, Int/Dex
                  | -1) [a neqoxec]
 49646 | Abyss:4  | Got an abyssal rune of Zot
 49658 | Depths:2 | Escaped the Abyss
 49674 | Hell     | Entered the Vestibule of Hell
 49674 | Hell     | Noticed Geryon
 49874 | Zot:2    | HP: 14/338 [golden dragon/bolt of cold (18)]
 51106 | Zot:2    | Gained mutation: You are agile. (Dex +4, Str/Int -1)
                  | [hidden potential]
 51111 | Zot:2    | Noticed Vv
 51134 | Zot:1    | Killed Vv
 51865 | Zot:3    | Reached skill level 15 in Fighting
 51865 | Zot:3    | Reached skill level 24 in Unarmed Combat
 51997 | Zot:3    | Reached XP level 27. HP: 269/269 MP: 31/31
 52623 | Zot:4    | Found a runed translucent door.
 52888 | Zot:4    | Noticed Uqizxu's ghost (master OgFi)
 53189 | Zot:4    | Noticed an orb of fire
 53195 | Zot:4    | Killed an orb of fire
 53541 | Zot:4    | Killed Uqizxu's ghost
 53590 | Zot:5    | Entered Level 5 of the Realm of Zot
 53591 | Zot:5    | Noticed an orb of fire
 53593 | Zot:5    | Killed an orb of fire
 54105 | Zot:5    | HP: 3/351 [Orb Guardian (22)]
 54105 | Zot:5    | Mangled by an Orb Guardian

Illustrated notes

Levels and vault maps discovered:
D:1:      minmay_arrival_four_loops, layout_basic,
          ebering_ecumenical_altar_rust, minmay_misc_feat_cross
D:2:      layout_loops_corners, uniq_jessica
D:3:      layout_basic
D:4:      layout_basic, marbit_many_paths, gup_sewer_entry_bubbles,
          minmay_hollow_rounded_squares
D:5:      layout_loops_ring, uniq_grinder
D:6:      layout_loops_ring, nicolae_dithmenos_the_darkroom,
          nicolae_gozag_cash_rules_everything_around_me,
          mainiacjoe_overflow_small_starburst, jmf_multi_god_temple2,
          minmay_temple_entry_mini_moons, amcnicky_mini_corridor_feature,
          uniq_duvessa, uniq_crazy_yiuf_cottage, uniq_edmund
D:7:      layout_rooms, okawaru_trees_1, serial_shops, nicolae_shop_stone, shop,
          shop, shop, kennysheep_donut, hex_medium, uniq_pikel
D:8:      layout_gridville, trog_three_pillars_becter,
          ebering_ghost_disaster_area, uniq_erica
D:9:      layout_roguey, vehumet_crystals, mainiacjoe_overflow_paths,
          grunt_decor_mini_mirrors
D:10:     layout_stronghold, mainiacjoe_overflow_tiny_flanked,
          yredelemnul_forgotten_temple_becter,
          mainiacjoe_overflow_surrounded_room, erik_lair_orcish_takeover,
          grunt_ogre_cave, uniq_grum
D:11:     minmay_the_grid_octo_tiled_octocenter [minmay_the_grid_octo_focus,
          minmay_the_grid_octo_thin_diamonds,
          minmay_the_grid_octo_checkerflower, minmay_the_grid_octo_checkered,
          minmay_the_grid_octo_prize_star, minmay_the_grid_square_5x5_longway,
          minmay_the_grid_square_5x5_inset,
          minmay_the_grid_square_5x5_eight_small,
          minmay_the_grid_square_5x5_shrine1], layout_gridville,
          portal_ice_cave_entry_imps, guppyfry_shop_venom, uniq_psyche,
          uniq_josephine, uniq_nergalle, uniq_snorg
D:12:     layout_loops_ring, orc_0_dummy, nicolae_where_there's_smoke,
          uniq_gastronok, uniq_lodul, uniq_fannar
D:13:     layout_basic, ximxim_vaults_locker_room, gauntlet_entry_generic
D:14:     layout_basic, nicolae_tso_carved_into_rock, fungi_pond_lemuel,
          lemuel_flame_loot_1
D:15:     grunt_enter_depths_hoard, layout_basic, corexii_hall_statues_l,
          uniq_azrael, uniq_rupert
Temple:   grunt_temple_mini_profane
Lair:1:   layout_regular_city, beast_lair_carwin_11, serial_bayou_shore_a,
          uniq_sonja
Lair:2:   layout_regular_city, minmay_shoals_entry_beasts,
          spider_nest_entry_web_field, grunt_megastairs_1, serial_bayou_shore_b,
          serial_bayou_shore_b
Lair:3:   lemuel_ratsnest, layout_chaotic_city
Lair:4:   layout_gridlike, basic_altar, chequers_serial_rivers_small_a,
          kilobyte_rumbling_trees
Lair:5:   evil_forest, layout_hall_layers, dpeg_slime_entry_enclosed
Shoals:1: layout_shoals, uniq_donald, uniq_jorgrun
Shoals:2: layout_shoals, uniq_mlioglotl
Shoals:3: layout_shoals, serial_shops, nicolae_take_the_stairs
Shoals:4: shoals_end_grunt_ice, layout_shoals, serial_shops,
          nicolae_shop_hallway_plus, shop, nicolae_shop_tiny_statue_garden,
          shop, nicolae_shop_gibbet_a_chance, gammafunk_ghost_split,
          nicolae_shoals_kraken_intersection, uniq_louise
Spider:1: layout_spider_delve, nicolae_looking_at_the_future
Spider:2: layout_spider_delve, nicolae_spider_rock_and_or_roll, uniq_arachne,
          uniq_nikola
Spider:3: layout_spider_delve
Spider:4: spider_rune_water, hellmonk_narrow_tunnel
Slime:1:  layout_caves, cheibrodos_slime_lost_civilization_6
Slime:2:  layout_caves
Slime:3:  layout_caves, dissolution_awaits
Slime:4:  layout_caves, nicolae_slime_phagocytosis
Slime:5:  slime_pit_nicolae_trefoil
Orc:1:    layout_caves, mines1_david
Orc:2:    grunt_orc_cross, layout_caves, serial_shops, nicolae_shop_statue_plus,
          enter_volcano_1, nicolae_orc_lava_tube
Elf:1:    eino_elf_arrival_sip, layout_loops_cross, minmay_elf_sorcery,
          due_unseen_surprise
Elf:2:    elven_hall_of_blades_hangedman_original
          [nicolae_blade_entry_floor_patterns], layout_rooms,
          nicolae_nh_oracle_at_delphi, uniq_aizul
Elf:3:    elf_hall, layout_geoelf_octagon
Vaults:1: nicolae_vaults_house_1, dpeg_vaults_monster_box, v_misc_23,
          nicolae_vaults_tetromino_Z_2, v_misc_15,
          nicolae_vaults_storage_room_doors, vaults_room_stairs_pillars,
          vaults_room_semicircle, special_room_vaults [special_room_orc],
          layout_vaults_big_room, serial_shops, shop, uniq_saint_roka
Vaults:2: v_pattern_1, vaults_dpeg_hooks, serial_ice_b, vaults_mumra_chevron,
          vaults_dpeg_encased_lava, vaults_mumra_hex, layout_vaults_omnigrid,
          serial_shops, nicolae_shop_hallway_stairs
Vaults:3: v_misc_2, hangedman_vaults_capsules, minmay_crypt_entry_simple_walls,
          nicolae_vaults_storage_closets_3, vaults_room_hallway,
          nicolae_vaults_six-pack, nicolae_vaults_puzzle_piece,
          vaults_room_fancy_cross, vaults_room_hangedman_quadrants,
          hangedman_vaults_stretched_pinwheel, nicolae_vaults_double_plus_2,
          nicolae_vaults_storage_room_statues, nicolae_vaults_closet_pinwheel_3,
          nicolae_vaults_two_Ls, grunt_vaults_hallway_long,
          layout_vaults_omnicross
Vaults:4: hangedman_vaults_trim, nicolae_vaults_asterisk,
          ontoclasm_vaults_misaligned, ontoclasm_vaults_ligature,
          nicolae_vaults_heart-shaped_vault, v_misc_12, v_alt_pattern_6,
          nicolae_vaults_ninety_degrees, nicolae_vaults_theta,
          nicolae_vaults_trapezoid_2, vaults_mumra_bighexcomb,
          nicolae_vaults_closet_pinwheel_6, nicolae_vaults_tetromino_T_1,
          layout_vaults_maze_snakey, serial_shops, nicolae_shop_window_shopping
Vaults:5: serial_shops, uniq_jory
Crypt:1:  layout_chaotic_city, lemuel_nasty_fountain
Crypt:2:  layout_chaotic_city
Crypt:3:  cryptofortress_bobbens
Depths:1: layout_honeycomb, pf_hell_entry_tar_spiral,
          serial_sigils_hangedman_scratch, serial_shops,
          nicolae_shop_tiny_statue_garden, minmay_misc_feat_tower,
          minmay_tree_intersection, nicolae_shop_dragon_depot,
          kennysheep_diamond, drop_trap, hangedman_abyss_or_decor_stagger,
          serial_bayou_lagoon_a, nicolae_rock_paper_scissors
Depths:2: minmay_polygon_palace, layout_basic, rand_demon_pan_entry_9,
          abyss_entry, pf_dread_powers_of_hell, nrook_mini_backslash,
          serial_shops, nicolae_shop_tiny_waterfront, shop_fountains,
          nicolae_shop_just_a_little_nook, nicolae_shop_crystal,
          nicolae_shop_back_alley_shop, wad_rectangle_vault, uniq_bai_suzhen,
          uniq_enchantress
Depths:3: dreamdust_cat_pyramid, layout_basic, hangedman_coc_ice_floe,
          rand_demon_pan_entry_5, abyss_entry, minmay_misc_feat_alley,
          minivault_21, infiniplex_staircase_diamond
Depths:4: grunt_runaround [grunt_runaround_doors_1, grunt_runaround_doors_2,
          grunt_runaround_doors_3, grunt_runaround_doors_4,
          grunt_runaround_zot], serial_shops, hell_entry
Hell
Zot:1:    layout_cathedral_of_symmetry, grunt_ministairs_10, uniq_josephina
Zot:2:    cheibrodos_zot_enchanting_chambers, layout_misc_corridors,
          uniq_parghit, uniq_vv
Zot:3:    layout_onion
Zot:4:    layout_basic, hellmonk_ghost_big_iron, grunt_ministairs_7,
          lemuel_baited_zot_trap, zot_minivault_5
Zot:5:    layout_basic

Skill      XL: |  1  2  3  4  5  6  7  8  9 10 11 12 13 14 15 16 17 18 19 20 21 22 23 24 25 26 27 |
---------------+----------------------------------------------------------------------------------+-----
Fighting       | 1 2 3 4 5 6 7 8 9 10 11 12 13 14 15 | 15.2
Throwing       | 1 2 4 5 6 7 8 9 10 11 12 13 14 15 16 | 16.0
Dodging        | 2 3 4 5 6 7 8 9 10 11 12 13 14 15 16 17 18 | 18.2
Unarmed Combat | 4 5 6 7 8 9 10 11 12 13 14 16 17 18 19 20 21 22 23 24 | 24.2
Shapeshifting  | 4 5 6 7 8 9 10 11 12 13 14 15 16 17 | 17.2
Armour         | 1 2 3 4 |  4.3
Invocations    | 2 4 5 6 7 8 9 10 11 12 13 | 13.0
Stealth        | 1 2 3 4 5 |  5.2
Evocations     | 1 3 4 5 6 7 8 9 10 11 12 13 14 | 14.0
Shields        | 1 3 4 5 6 7 8 9 10 11 | 11.0
Long Blades    | |  0.5

Action                     |  1- 3 |  4- 6 |  7- 9 | 10-12 | 13-15 | 16-18 | 19-21 | 22-24 | 25-27 || total
---------------------------+-------+-------+-------+-------+-------+-------+-------+-------+-------++-------
  Melee: Unarmed           |    87 |   165 |   227 |   422 |   799 |   797 |   795 |   856 |   798 ||  4946
         Punch             |       |     6 |     6 |    15 |    22 |    30 |       |     2 |     4 ||    85
         Constrict         |       |       |       |    13 |   124 |     9 |       |       |       ||   146
         Maw               |       |       |       |       |    26 |       |       |       |       ||    26
         Great sword       |       |       |       |       |       |       |     6 |       |       ||     6
         Tailslap          |       |       |       |       |       |       |       |     2 |       ||     2
         Bite              |       |       |       |       |       |       |       |     2 |       ||     2
  Throw: Stone             |     2 |       |    13 |    66 |    29 |   122 |       |       |       ||   232
         Dart              |       |     7 |    13 |    55 |     4 |     2 |     3 |       |       ||    84
         Boomerang         |       |       |       |    19 |     8 |   105 |    98 |    80 |   186 ||   496
         Javelin           |       |       |       |       |       |       |    25 |       |    18 ||    43
         Large rock        |       |       |       |       |       |       |     1 |    98 |   131 ||   230
 Invoke: Slouch            |       |       |       |     2 |    10 |    13 |     8 |    11 |    16 ||    60
         Step From Time    |       |       |       |       |       |       |       |     2 |       ||     2
Ability: Breathe Fire      |       |       |       |       |       |       |       |     1 |       ||     1
         Evoke Invisibilit |       |       |       |       |       |       |       |     1 |       ||     1
         Siphon Essence    |       |       |       |       |       |       |       |       |     2 ||     2
  Evoke: Removed chess pie |       |       |     3 |       |       |       |       |       |       ||     3
         Tin of tremorston |       |       |     1 |     5 |     4 |     5 |     4 |     5 |     2 ||    26
         Lightning rod     |       |       |       |    10 |       |     4 |     3 |     4 |       ||    21
         Wand              |       |       |       |       |     2 |     4 |     1 |     2 |    11 ||    20
    Use: Scroll            |       |     5 |     2 |    11 |    17 |     5 |     5 |    15 |     5 ||    65
         Potion            |       |       |     4 |       |     5 |     3 |     3 |     7 |    10 ||    32
   Stab: Sleeping          |     1 |     2 |       |     3 |     7 |     6 |    31 |    17 |     4 ||    71
         Distracted        |       |       |       |       |     2 |     3 |     1 |     4 |     8 ||    18
         Invisible         |       |       |       |       |       |     3 |       |       |       ||     3
         Held in net/web   |       |       |       |       |       |     1 |       |       |       ||     1
 Armour: Animal skin       |    31 |    23 |       |       |       |       |       |       |       ||    54
         Troll leather arm |       |    14 |    89 |   129 |    23 |       |       |       |       ||   255
         Skin              |       |       |    29 |    28 |   316 |   902 |   570 |   580 |   520 ||  2945
         Gold dragon scale |       |       |       |       |       |       |       |       |     5 ||     5
  Dodge: Dodged            |    36 |    70 |   117 |   318 |   693 |  1229 |  1098 |  1244 |  1238 ||  6043
  Block: Kite shield       |       |       |       |       |       |   346 |   723 |   848 |   751 ||  2668
         Reflection        |       |       |       |       |       |    42 |    52 |    19 |    13 ||   126
   Form: Anaconda          |       |       |       |     2 |     3 |     1 |       |       |       ||     6
         Beast             |       |       |       |     1 |     2 |       |     1 |     1 |       ||     5
         Maw               |       |       |       |       |     4 |       |       |       |       ||     4
         Statue            |       |       |       |       |     1 |     1 |     1 |     2 |     3 ||     8
         Dragon            |       |       |       |       |       |       |       |     1 |     1 ||     2
         Death             |       |       |       |       |       |       |       |     1 |     1 ||     2
         Storm             |       |       |       |       |       |       |       |       |     2 ||     2

Table legend: (Time is in decaauts)
 A = Elapsed time spent in this place.
 B = Non-inter-level travel time spent in this place.
 C = Inter-level travel time spent in this place.
 D = Time resting spent in this place.
 E = Time spent auto-exploring this place.
 F = Levels seen in this place.
 G = Mean time per level.
                   A        B        C        D        E       F      G
               +--------+--------+--------+--------+--------+-----+--------+
         Total | 112815 |  96870 |  15945 |   5686 |  70041 |  66 | 1709.3 |
       Dungeon |  21401 |  17017 |   4384 |    877 |  12533 |  15 | 1426.7 |
        Temple |    134 |    134 |      0 |    108 |      7 |   1 |  134.0 |
          Lair |  10284 |   7962 |   2322 |    321 |   6501 |   5 | 2056.8 |
        Shoals |   7738 |   6861 |    877 |     75 |   4788 |   4 | 1934.5 |
   Spider Nest |   7974 |   7449 |    525 |    279 |   5685 |   4 | 1993.5 |
    Slime Pits |   4199 |   3910 |    289 |    969 |   1593 |   5 |  839.8 |
  Orcish Mines |   3176 |   2665 |    511 |      6 |   2205 |   2 | 1588.0 |
   Elven Halls |   5201 |   4715 |    486 |    172 |   3256 |   3 | 1733.7 |
        Vaults |  16045 |  13712 |   2333 |    651 |  10532 |   5 | 3209.0 |
         Crypt |   5811 |   5383 |    428 |     54 |   4067 |   3 | 1937.0 |
        Depths |  14322 |  10869 |   3453 |    181 |   8612 |   4 | 3580.5 |
          Hell |     10 |      9 |      1 |      0 |      0 |   1 |   10.0 |
           Zot |  12434 |  12103 |    331 |   1957 |   8697 |   5 | 2486.8 |
         Abyss |   3313 |   3313 |      0 |     30 |   1407 |   6 |  552.2 |
         Sewer |    162 |    162 |      0 |      0 |     94 |   1 |  162.0 |
       Volcano |    163 |    163 |      0 |      4 |      0 |   1 |  163.0 |
      Gauntlet |    441 |    441 |      0 |      0 |     62 |   1 |  441.0 |
               +--------+--------+--------+--------+--------+-----+--------+

Top non-repeatable levels by time:
   Zot:1: 5234 daAuts
Depths:3: 4230 daAuts
Depths:1: 3788 daAuts
Vaults:5: 3440 daAuts
Depths:2: 3439 daAuts
Vaults:3: 3429 daAuts
Vaults:4: 3316 daAuts
   Zot:4: 3222 daAuts
Vaults:1: 3186 daAuts
Depths:4: 2864 daAuts
Shoals:4: 2821 daAuts
    D:15: 2818 daAuts
Vaults:2: 2671 daAuts
 Slime:5: 2663 daAuts
    D:11: 2662 daAuts
